Map: Backwater LE

Players

roka

  • Race: Protoss Protoss
  • League: Master
  • Spawn Location: 5:00

LaFantome - Winner!

  • Race: Zerg Zerg
  • League: Diamond
  • Spawn Location: 11:00

VOD

Have the link to the VOD?

Description

Time

  • Played on: March 24, 2018, 4:48 p.m.
  • Length: 33:34
Show
View Real Time Build Order
Export as new Build Order

roka Protoss 

Build Orders: 1 Gate Expand, Oracle Opening 

Get SALT Encoding   

  12  0:01  Probe  
  13  0:13  Probe  
  14  0:20  Pylon  
  14  0:25  Probe  
  15  0:38  Probe (Chrono Boost)  
  16  0:43  Gateway  
  16  0:47  Probe (Chrono Boost)  
  17  0:50  Assimilator  
  17  0:53  Probe  
  18  1:05  Probe  
  19  1:25  Nexus  
  19  1:36  Cybernetics Core  
  19  1:41  Probe (Chrono Boost)  
  20  1:48  Pylon  
  20  1:53  Probe (Chrono Boost)  
  21  1:58  Probe (Chrono Boost)  
  22  2:02  Assimilator  
  22  2:09  Probe  
  23  2:16  Warp Gate  
  23  2:17  Sentry  
  23  2:21  Probe  
  26  2:30  Gateway  
  26  2:33  Probe  
  27  2:39  Probe  
  28  2:46  Probe (Chrono Boost)  
  28  2:51  Probe (Chrono Boost)  
  30  2:52  Stargate  
  31  3:02  Probe (Chrono Boost)  
  31  3:03  Probe (Chrono Boost)  
  32  3:05  Adept (Chrono Boost)  
  32  3:07  Probe (Chrono Boost), Shield Battery  
  35  3:13  Probe  
  35  3:18  Pylon  
  34  3:37  Probe x2  
  34  3:40  Sentry (Chrono Boost)  
  38  3:45  Oracle (Chrono Boost)  
  41  3:49  Probe x2  
  43  3:57  Nexus  
  43  4:01  Probe x2  
  45  4:03  Assimilator  
  45  4:06  Assimilator  
  45  4:10  Twilight Council  
  45  4:13  Probe x2  
  47  4:20  Phoenix  
  49  4:25  Probe (Chrono Boost)  
  49  4:26  Probe (Chrono Boost)  
  51  4:34  Zealot  
  51  4:36  Probe (Chrono Boost)  
  51  4:37  Pylon  
  54  4:49  Pylon  
  54  4:55  Probe x2  
  54  4:57  Templar Archives  
  56  5:07  Charge (Chrono Boost), Probe x2  
  56  5:08  Zealot  
  56  5:09  Zealot  
  62  5:16  Pylon  
  62  5:19  Probe x2  
  62  5:21  Gateway  
  64  5:22  Gateway  
  64  5:24  Gateway  
  64  5:31  Probe  
  64  5:32  Probe x2, Psionic Storm  
  67  5:41  Assimilator  
  67  5:42  Zealot x2  
  71  5:44  Probe  
  71  5:45  Assimilator  
  72  5:50  Robotics Facility  
  72  5:52  Forge  
  72  5:55  Probe x2  
  75  6:06  Probe (Chrono Boost)  
  75  6:07  Probe (Chrono Boost)  
  77  6:12  Probe (Chrono Boost), High Templar  
  77  6:13  High Templar  
  82  6:18  Probe (Chrono Boost)  
  82  6:20  Probe (Chrono Boost)  
  83  6:26  Protoss Ground Weapons Level 1 (Chrono Boost)  
  83  6:28  Zealot x3  
  89  6:35  Pylon  
  89  6:39  Pylon  
  89  6:43  Probe x2  
  89  6:44  Probe  
  92  6:54  Observer  
  92  6:55  Probe, Pylon  
  92  6:56  Pylon  
  92  6:58  Robotics Bay, Pylon  
  92  7:01  Gateway  
  94  7:02  Gateway  
  94  7:17  Probe x2  
  96  7:28  Nexus, High Templar x4  
  104  7:33  Pylon  
  104  7:36  Observer  
  105  7:39  Blink  
  105  7:40  Stalker  
  105  7:41  Probe x3  
  110  7:48  Pylon  
  110  7:54  Pylon  
  110  8:01  Probe x2  
  110  8:02  Assimilator  
  112  8:06  Photon Cannon  
  112  8:07  Photon Cannon, Assimilator  
  112  8:10  Photon Cannon  
  112  8:11  Photon Cannon, Protoss Ground Armor Level 1 (Chrono Boost)  
  112  8:13  Zealot x6, Shield Battery  
  112  8:14  Shield Battery  
  123  8:21  Shield Battery  
  123  8:23  Shield Battery  
  123  8:26  Zealot  
  125  8:34  Photon Cannon x2  
  125  8:36  Zealot x2  
  125  8:37  Zealot x3, Extended Thermal Lance (Chrono Boost)  
  125  8:39  Zealot  
  137  8:46  Probe x2, Colossus (Chrono Boost)  
  145  9:03  Dark Shrine  
  145  9:07  Zealot x3  
  145  9:08  Zealot x2  
  144  9:20  Stalker x2  
  148  9:27  Colossus (Chrono Boost)  
  144  9:43  Zealot  
  144  9:44  Zealot x6  
  158  9:47  Pylon  
  158  9:51  Protoss Ground Weapons Level 2 (Chrono Boost)  
  158  10:00  Probe x4  
  162  10:08  Void Ray (Chrono Boost)  
  166  10:16  Colossus (Chrono Boost)  
  116  10:37  Zealot  
  116  10:38  Zealot x6  
  126  10:56  Gateway  
  120  10:57  Gateway  
  120  10:59  Dark Templar x2, Gateway  
  120  11:00  Dark Templar x5  
  134  11:04  Warp Prism  
  134  11:05  Archon x2  
  134  11:06  Archon  
  134  11:07  Probe x3  
  139  11:22  Cybernetics Core  
  139  11:23  Probe x2  
  139  11:24  Pylon  
  141  11:26  Gateway  
  141  11:27  Nexus  
  141  11:28  Void Ray  
  145  11:48  Pylon  
  145  11:50  Pylon  
  145  11:54  High Templar x3  
  151  12:03  Fleet Beacon  
  151  12:09  Zealot x4  
  151  12:10  Zealot x3  
  151  12:12  Observer  
  166  12:27  Photon Cannon  
  166  12:28  Photon Cannon  
  165  12:30  Photon Cannon  
  165  12:32  Photon Cannon  
  165  12:34  Photon Cannon  
  165  12:35  Photon Cannon  
  165  12:36  Stargate  
  165  12:38  Photon Cannon, Zealot  
  165  12:39  Zealot x3, Stargate  
  165  12:40  Photon Cannon  
  173  12:44  Assimilator  
  173  12:50  Assimilator  
  173  12:54  Pylon  
  173  13:08  Photon Cannon  
  173  13:10  Graviton Catapult  
  173  13:11  Carrier (Chrono Boost)  
  179  13:15  Photon Cannon  
  169  13:20  Carrier x2 (Chrono Boost)  
  181  13:27  Stalker x5  
  181  13:28  Stalker x4  
  133  13:56  Stalker  
  133  14:07  Stalker x3  
  133  14:08  Stalker x7  
  153  14:17  Nexus  
  153  14:19  Pylon  
  153  14:20  Carrier (Chrono Boost)  
  153  14:28  Carrier (Chrono Boost)  
  159  14:35  Carrier (Chrono Boost)  
  171  14:48  Mothership (Chrono Boost), Protoss Ground Weapons Level 3  
  171  14:52  Protoss Air Weapons Level 1 (Chrono Boost)  
  179  14:53  Pylon  
  179  15:21  High Templar x2  
  179  15:22  High Templar  
  179  15:28  Carrier  
  185  15:32  Dark Templar  
  192  15:45  Photon Cannon  
  192  15:46  Photon Cannon  
  192  15:48  Photon Cannon x2  
  192  15:49  Photon Cannon  
  192  15:51  Photon Cannon, Shield Battery  
  192  15:55  High Templar x3  
  198  16:03  Photon Cannon  
  198  16:05  Assimilator  
  198  16:10  Assimilator  
  196  16:25  Photon Cannon  
  196  16:28  Shield Battery  
  196  16:29  Photon Cannon  
  185  17:18  Stalker x5  
  185  17:19  Stalker x2  
  184  17:32  Carrier x3 (Chrono Boost)  
  198  18:10  Protoss Air Weapons Level 2 (Chrono Boost)  
  198  18:15  Protoss Ground Armor Level 2  
  135  18:36  Stalker x2  
  135  18:37  Stalker x7  
  135  18:38  Stalker x2  
  157  18:48  Carrier x2 (Chrono Boost)  
  157  18:50  Nexus  
  153  19:12  Carrier (Chrono Boost)  
  155  19:19  Observer  
  156  19:50  Photon Cannon  
  156  19:53  Photon Cannon  
  155  20:07  Carrier (Chrono Boost)  
  155  20:08  Carrier (Chrono Boost)  
  155  20:10  Dark Templar x3  
  155  20:11  Dark Templar x5  
  183  20:31  Archon x4  
  183  20:39  Nexus  
  183  21:01  Assimilator  
  183  21:03  Assimilator  
  183  21:07  Protoss Air Weapons Level 3 (Chrono Boost)  
  183  21:24  Nexus  
  183  21:37  Pylon  
  183  21:46  Pylon  
  183  21:50  Carrier  
  183  21:51  Mothership (Chrono Boost)  
  189  21:57  Protoss Ground Armor Level 3 (Chrono Boost)  
  197  22:18  Nexus  
  197  22:36  Pylon  
  197  22:38  Assimilator  
  197  22:43  Assimilator  
  197  22:54  Assimilator  
  197  22:59  Assimilator  
  197  23:22  Protoss Air Armor Level 1 (Chrono Boost)  
  197  24:00  Pylon  
  197  24:07  Protoss Shields Level 1 (Chrono Boost)  
  171  24:30  Carrier (Chrono Boost)  
  171  24:31  Carrier x2 (Chrono Boost)  
  175  24:45  Gateway  
  175  24:46  Gateway  
  175  24:48  Gateway  
  175  24:49  Gateway  
  175  24:50  Stargate  
  175  24:54  Stargate  
  175  25:22  Photon Cannon  
  175  25:23  Photon Cannon, Protoss Air Armor Level 2  
  175  25:28  Photon Cannon  
  175  25:29  Photon Cannon  
  175  25:34  Photon Cannon  
  175  25:41  Carrier (Chrono Boost)  
  181  25:47  Carrier (Chrono Boost)  
  199  25:56  Protoss Shields Level 2 (Chrono Boost)  
  179  27:10  Carrier x2 (Chrono Boost)  
  173  27:27  Stalker x3  
  173  27:28  Stalker x7  
  106  27:54  Dark Templar x4  
  106  27:55  Dark Templar x4  
  114  28:07  Stalker  
  114  28:08  Stalker  
  114  28:10  Archon x3  
  116  28:15  Void Ray (Chrono Boost)  
  116  28:16  Nexus  
  120  28:29  Void Ray (Chrono Boost)  
  120  28:30  Void Ray (Chrono Boost)  
  120  28:32  Dark Templar x6  
  140  28:36  Archon x2  
  140  28:37  Archon  
  140  28:40  Pylon  
  120  29:33  Zealot x3  
  120  29:34  Zealot x5  
  120  29:35  Zealot x2  
  140  29:59  Void Ray  
  144  30:11  Assimilator  
  144  30:16  Assimilator  
  144  30:42  Zealot x7  
  156  30:43  Zealot x3  
  164  31:06  Nexus  
Show
View Real Time Build Order
Export as new Build Order

LaFantome Zerg - Winner!

Build Orders: Hatch First 

Get SALT Encoding   

  12  0:01  Drone  
  13  0:14  Overlord  
  13  0:21  Drone  
  14  0:34  Drone x2  
  16  0:52  Hatchery  
  16  0:54  Drone  
  16  0:57  Drone  
  16  1:01  Drone  
  18  1:11  Extractor  
  18  1:17  Spawning Pool  
  16  1:20  Drone  
  16  1:23  Drone  
  18  1:30  Drone  
  19  1:41  Drone  
  20  1:51  Hatchery  
  20  1:54  Drone  
  20  2:03  Drone  
  20  2:04  Drone  
  22  2:10  Queen  
  24  2:16  Drone  
  24  2:20  Overlord  
  25  2:26  Metabolic Boost  
  25  2:28  Zergling x2  
  26  2:32  Zergling x2  
  26  2:36  Drone  
  28  2:39  Drone  
  29  2:46  Queen  
  31  2:54  Drone x2  
  33  3:00  Overlord  
  33  3:04  Drone  
  33  3:05  Drone  
  35  3:11  Drone x2  
  37  3:14  Overlord  
  35  3:49  Spore Crawler  
  35  3:50  Queen x2  
  35  3:53  Spore Crawler  
  35  3:54  Drone  
  35  3:55  Drone x12  
  50  4:08  Overlord x3  
  50  4:18  Evolution Chamber  
  49  4:24  Drone x2  
  49  4:25  Drone  
  49  4:27  Spore Crawler  
  49  4:30  Queen  
  49  4:31  Queen x2  
  55  4:32  Zergling x4  
  55  4:33  Zergling x2  
  60  4:56  Drone  
  60  4:57  Drone x6  
  67  5:01  Extractor  
  67  5:03  Extractor  
  67  5:05  Overlord x3  
  65  5:15  Lair  
  65  5:17  Drone  
  65  5:18  Drone x4  
  65  5:19  Drone  
  65  5:20  Drone x2  
  73  5:22  Extractor  
  73  5:23  Extractor  
  73  5:28  Zerg Melee Weapons Level 1  
  71  5:32  Drone x3  
  71  5:33  Drone x3  
  71  5:34  Drone  
  78  5:37  Hatchery  
  75  5:53  Extractor  
  75  5:54  Drone x3  
  77  5:58  Drone x4  
  77  6:00  Drone x2  
  77  6:01  Overlord x3  
  83  6:15  Baneling Nest  
  83  6:16  Zergling x2, Drone x2  
  83  6:17  Zergling x8, Hydralisk Den  
  88  6:27  Zergling x2  
  88  6:28  Zergling x8  
  93  6:33  Overlord x2  
  93  6:34  Overlord  
  93  6:55  Drone x11  
  93  7:00  Centrifical Hooks  
  104  7:01  Grooved Spines  
  104  7:02  Infestation Pit  
  104  7:07  Hydralisk x4  
  110  7:29  Hydralisk x12  
  112  7:30  Hydralisk x4  
  112  7:32  Zerg Melee Weapons Level 2  
  142  7:56  Overseer  
  142  8:06  Extractor  
  142  8:07  Extractor  
  142  8:08  Spore Crawler  
  142  8:10  Drone x3  
  142  8:11  Spine Crawler x2, Drone x3  
  142  8:12  Drone  
  144  8:13  Muscular Augments  
  144  8:14  Hive  
  144  8:17  Spire  
  143  8:24  Zergling x18  
  143  8:26  Overlord x8  
  152  8:27  Overlord  
  152  8:28  Baneling  
  152  8:29  Baneling x14  
  152  8:30  Baneling x2  
  152  8:48  Hydralisk  
  152  8:49  Hydralisk x10  
  152  8:51  Overlord x3  
  140  9:27  Hydralisk x9  
  140  9:28  Hydralisk x6  
  151  9:43  Zergling x22  
  162  9:47  Baneling x4  
  162  9:48  Zerg Missile Weapons Level 1, Baneling  
  162  9:55  Greater Spire  
  162  9:57  Zergling x2  
  162  9:58  Zergling x22  
  174  10:07  Baneling  
  174  10:08  Baneling x18  
  174  10:09  Baneling x3  
  134  10:55  Corruptor  
  134  10:56  Corruptor x9  
  152  10:59  Corruptor  
  156  11:12  Drone x3  
  156  11:13  Drone x3  
  156  11:14  Hatchery  
  156  11:17  Extractor  
  160  11:18  Extractor  
  159  11:39  Brood Lord  
  163  11:40  Brood Lord x5  
  171  11:56  Brood Lord  
  171  11:57  Brood Lord  
  171  11:58  Brood Lord  
  177  12:07  Spine Crawler x2, Spore Crawler  
  174  12:08  Spine Crawler  
  174  12:10  Spine Crawler x2  
  171  12:19  Brood Lord x2  
  175  12:30  Spine Crawler  
  175  12:36  Spine Crawler x2  
  175  12:37  Spine Crawler  
  171  12:38  Spine Crawler x2  
  171  12:39  Drone x4  
  171  12:43  Spine Crawler  
  172  12:45  Spine Crawler  
  171  13:00  Hydralisk  
  171  13:01  Hydralisk x13  
  150  14:06  Hydralisk  
  150  14:07  Hydralisk x14  
  180  14:25  Drone  
  180  14:26  Drone x4  
  185  14:41  Corruptor x3  
  185  14:42  Corruptor  
  193  14:48  Hatchery  
  192  15:32  Zerg Flyer Armor Level 1  
  192  15:38  Corruptor  
  192  15:39  Corruptor x4  
  198  16:11  Corruptor  
  200  16:28  Spore Crawler  
  193  16:43  Extractor  
  193  16:45  Extractor  
  171  17:07  Corruptor  
  171  17:08  Corruptor x20  
  155  17:09  Corruptor x2  
  138  17:33  Overseer x6  
  138  17:35  Hydralisk x2  
  138  17:36  Hydralisk x16  
  174  17:47  Hydralisk  
  174  17:48  Hydralisk x2  
  168  18:07  Hydralisk x5  
  168  18:08  Hydralisk  
  154  18:25  Hydralisk x2  
  154  18:26  Hydralisk x6  
  113  18:44  Brood Lord  
  113  18:45  Brood Lord x10  
  131  18:58  Hydralisk x5  
  131  18:59  Hydralisk x4  
  125  19:20  Hydralisk  
  125  19:21  Hydralisk x3  
  133  19:31  Zergling x4  
  135  19:46  Hatchery  
  134  20:25  Hatchery  
  133  20:47  Corruptor  
  133  20:48  Corruptor x3  
  141  21:08  Hydralisk x2  
  145  21:54  Hatchery  
  144  21:58  Zerg Flyer Armor Level 2  
  144  22:23  Corruptor x7  
  158  22:46  Corruptor  
  158  22:47  Corruptor  
  162  23:18  Hatchery  
  161  23:21  Corruptor  
  161  23:22  Corruptor x6, Extractor  
  161  23:25  Extractor  
  173  23:29  Extractor  
  173  23:31  Extractor  
  173  23:34  Extractor  
  170  23:35  Extractor, Drone x3  
  170  23:36  Drone x3  
  170  23:40  Drone x3  
  178  24:12  Corruptor  
  178  24:13  Corruptor x3  
  182  24:36  Corruptor x2  
  186  24:40  Overseer  
  186  24:44  Drone x3  
  189  24:55  Adrenal Glands  
  189  25:05  Zergling x2  
  189  25:06  Zergling x18  
  199  25:32  Zerg Flyer Armor Level 3  
  189  26:23  Corruptor x4  
  180  27:09  Corruptor x5  
  118  27:51  Hydralisk  
  118  27:52  Hydralisk x11  
  134  28:14  Brood Lord x2  
  134  28:15  Brood Lord  
  140  28:24  Hatchery  
  139  28:27  Zergling x2  
  139  28:28  Zergling x22  
  139  29:25  Hydralisk x2  
  139  29:26  Hydralisk x7  
  140  30:11  Brood Lord x2  
  144  30:18  Zergling x6  
  144  30:19  Zergling x18  
  156  30:52  Hatchery  
  156  30:53  Extractor  
  133  33:06  Overlord  
  133  33:07  Overlord x5  
Tags
 
Add a new tag
Caveats
  • Supply blocks, unpowered buildings, or Contaminate may cause inaccurate times.
  • Supply counts are checked every 10 seconds.